 Dungeon Crawl Stone Soup version 0.31-a0-210-gccc998df9b (webtiles) character file.

Game seed: 10734238585868662845

60 Angani the Caller (level 4, -3/30 HPs)
             Began as a Human Wanderer on June 29, 2023.
             Was a Believer of Dithmenos.
             Slain by a black bear (7 damage)
             ... on level 3 of the Dungeon.
             The game lasted 00:04:05 (1600 turns).

Angani the Caller (Human Wanderer)                  Turns: 1600, Time: 00:04:05

Health: -3/30      AC:  6    Str: 14    XL:     4   Next: 25%
Magic:  8/8        EV: 11    Int: 16    God:    Dithmenos [**....]
Gold:   82         SH:  0    Dex:  9    Spells: 7/8 levels left

rFire   . . .        a - +0 mace
rCold   . . .        (no shield)
rNeg    . . .        i - +3 leather armour
rPois   .            (no helmet)
rElec   .            (no cloak)
rCorr   .            (no gloves)
SInv    .            (no boots)
Will    .....        b - amulet of magic regeneration
Stlth   +            (no ring)
HPRegen 0.25/turn    (no ring)
MPRegen 0.51/turn

%: no passive effects
@: wreathed by umbra
A: no striking features
a: Renounce Religion, Shadow Step


You were on level 3 of the Dungeon.
You worshipped Dithmenos.
Dithmenos was pleased with you.
You visited 1 branch of the dungeon, and saw 3 of its levels.

You collected 82 gold pieces.

Inventory:

Hand Weapons
 a - a +0 mace (weapon)
Armour
 i - a +3 leather armour (worn)
Magical Staves
 h - a staff of earth
Jewellery
 b - an amulet of magic regeneration (around neck)
Scrolls
 c - a scroll of fear
 f - a scroll of identify {unknown}
 g - a scroll of amnesia {unknown}
 j - 3 scrolls of teleportation {unknown}
 k - a scroll of immolation {unknown}
 o - a scroll of vulnerability {unknown}
 p - a scroll of noise {unknown}
Potions
 d - a potion of magic {unknown}
 e - a potion of berserk rage {unknown}
 l - a potion of might {unknown}
 m - a potion of haste {unknown}
 n - 3 potions of mutation {unknown}


   Skills:
 - Level 2.0 Maces & Flails
 - Level 1.0 Armour
 - Level 1.0 Stealth
 + Level 2.8 Spellcasting
 + Level 3.6 Summonings
 + Level 2.3 Invocations


You had 7 spell levels left.
You knew the following spells:

 Your Spells              Type           Power      Damage    Failure   Level
a - Summon Small Mammal   Summ           52%        N/A       5%          1

Your spell library contained the following spells:

 Spells                   Type           Power      Damage    Failure   Level
 Blink                    Tloc           4%         N/A       34%         2
 Lesser Beckoning         Tloc           4%         N/A       34%         2
 Momentum Strike          Conj/Tloc      4%         3d8       34%         2
 Animate Armour           Summ/Erth      16%        N/A       73%         4
 Summon Lightning Spire   Summ/Air       8%         N/A       73%         4


Dungeon Overview and Level Annotations

Branches:
Dungeon (3/15)

Altars:
Dithmenos

Shops:
D:1 :   D:3 *


Message History

The black bear is moderately wounded.
Your bat hits the black bear but does no damage. x2
The black bear bites you. The black bear barely misses you.
The black bear claws you but does no damage.
Your quokka bites the black bear.
The black bear bites you. The black bear claws you.
The black bear closely misses you.
You barely miss the black bear.
The black bear is heavily wounded.
Your bat hits the black bear but does no damage.
Your quokka bites the black bear but does no damage.
Your bat hits the black bear. The black bear barely misses your bat.
The black bear claws your bat.
Your bat dies!
Your bat's corpse disappears in a puff of smoke!
Your quokka bites the black bear.
Your magical contamination has completely faded away.
You closely miss the black bear.
The black bear is heavily wounded.
The black bear bites you but does no damage.
The black bear closely misses you. The black bear misses you.
Your quokka bites the black bear.
Unknown command.
You hit the black bear.
The black bear is severely wounded.
Your quokka barely misses the black bear.
The black bear goes berserk!
Your quokka barely misses the black bear.
The black bear bites you but does no damage.
The black bear claws you. x2
* * * LOW HITPOINT WARNING * * *
Unknown command.
You hit the black bear but do no damage.
The black bear is severely wounded.
The black bear bites you.
* * * LOW HITPOINT WARNING * * *
The black bear claws you but does no damage.
The black bear closely misses you.
Your quokka barely misses the black bear.
The black bear bites you!
You die...

## . ####
#.###.#.. #.....
......#.#####
.....#
......h@....#
.....#
......#r###.###.#
....(# #####
#.##..... #
.....#
#.##..###..#
.....#
#..........#
.....#
####..####.#
.....# #...###
###### ##.....# #
##..#.#.#


You could see a black bear (berserk, ally target) and a friendly quokka
(summoned).

Vanquished Creatures
  An adder (D:2)
  2 worms
  A dart slug (D:2)
  4 endoplasms
  4 giant cockroaches
  4 goblins
  5 hobgoblins
  2 jackals (D:2)
  3 kobolds
  3 quokkas
  2 ball pythons
  2 bats (D:1)
  2 frilled lizards (D:1)
  2 rats
37 creatures vanquished.

Vanquished Creatures (collateral kills)
  A ball python (D:1)
1 creature vanquished.

Grand Total: 38 creatures vanquished

Notes
Turn   | Place    | Note
-------+----------+-------------------------------------------
     0 | D:1      | Angani the Human Wanderer began the quest for the Orb.
     0 | D:1      | Angani set off with the following items: a +0 mace, a +0
                  | scale mail, a scroll of fear; and the following spell
                  | memorised: Summon Small Mammal; and the following spells
                  | available to memorise: Animate Armour, Summon Lightning
                  | Spire.
     0 | D:1      | Reached XP level 1. HP: 13/13 MP: 3/3
    93 | D:1      | Found Gunn's Book Emporium.
   113 | D:1      | Found a faded altar of an unknown god.
   124 | D:1      | Reached XP level 2. HP: 16/19 MP: 5/5
   125 | D:1      | Prayed at the altar of an unknown god.
   125 | D:1      | Became a worshipper of Dithmenos the Shadowed
   125 | D:1      | Reached * piety under Dithmenos
   407 | D:1      | You fall into a shaft and drop 1 floor!
   516 | D:2      | Reached XP level 3. HP: 24/24 MP: 6/6
  1330 | D:2      | Reached XP level 4. HP: 22/30 MP: 8/8
  1484 | D:3      | Found Kirph's Assorted Antiques.
  1545 | D:3      | Reached ** piety under Dithmenos
  1579 | D:3      | Noticed a black bear
  1600 | D:3      | Slain by a black bear

Illustrated notes

Levels and vault maps discovered:
D:1:      saegor_arrival_miasma, layout_loops_ring, serial_shops, shop,
          chequers_ecumenical_altar_simple_redux, minmay_worlds_worst_comb
D:2:      layout_loops_ring
D:3:      layout_loops_corners, serial_shops, shop

Skill      XL: |  1  2  3 |
---------------+----------+-----
Invocations    | 2 |  2.3
Maces & Flails | |  2.0
Armour         | |  1.0
Stealth        | |  1.0
Spellcasting   | |  2.8
Summonings     | |  3.6

Action                     |  1- 3 |  4- 6 || total
---------------------------+-------+-------++-------
  Melee: Mace              |   135 |    18 ||   153
         Punch             |     1 |       ||     1
   Cast: Summon Small Mamm |     5 |     5 ||    10
   Stab: Sleeping          |     1 |       ||     1
 Armour: Scale mail        |    36 |       ||    36
         Leather armour    |    40 |     7 ||    47
  Dodge: Dodged            |   103 |    18 ||   121

Table legend: (Time is in decaauts)
 A = Elapsed time spent in this place.
 B = Non-inter-level travel time spent in this place.
 C = Inter-level travel time spent in this place.
 D = Time resting spent in this place.
 E = Time spent auto-exploring this place.
 F = Levels seen in this place.
 G = Mean time per level.
                   A        B        C        D        E       F      G
               +--------+--------+--------+--------+--------+-----+--------+
         Total |   1645 |   1569 |     76 |     17 |   1134 |   3 |  548.3 |
       Dungeon |   1645 |   1569 |     76 |     17 |   1134 |   3 |  548.3 |
               +--------+--------+--------+--------+--------+-----+--------+

Top non-repeatable levels by time:
     D:2: 792 daAuts
     D:1: 731 daAuts
     D:3: 120 daAuts
